 Dungeon Crawl Stone Soup version 0.29.1-14-g9c671dbff4 (webtiles) character file.

Game seed: 12049250660711055741

781 Thatpatchoflichen the Chopper (level 7, -4/55 HPs)
             Began as a Demonspawn Gladiator on Feb 17, 2023.
             Killed by divine providence
             ... invoked by an orc priest
              (13 damage)
             ... on level 4 of the Dungeon.
             The game lasted 00:09:00 (5323 turns).

Thatpatchoflichen the Chopper (DsGl)                Turns: 5323, Time: 00:09:01

Health: -4/55      AC:  8    Str: 16    XL:     7   Next: 55%
Magic:  7/7        EV: 12    Int:  9    God:
Gold:   244        SH:  5    Dex: 15    Spells: 6/6 levels left

rFire   . . .      SeeInvis +   a - +0 war axe
rCold   . . .      Faith    .   (no shield)
rNeg    + . .      Spirit   .   y - +0 ring mail
rPois   .          Reflect  +   c - +0 helmet
rElec   .          Harm     .   (no cloak)
rCorr   .          Rampage  .   (no gloves)
Will    .....                   (no boots)
Stlth   +.........              v - amulet of reflection
HPRegen 0.18/turn               h - ring of see invisible
MPRegen 0.10/turn               p - ring of positive energy

@: no status effects
A: hooves 2, rugged brown scales 1, foul stench 1, condensation shield
a: no special abilities


You were on level 4 of the Dungeon.
You visited 1 branch of the dungeon, and saw 5 of its levels.
You also visited: Ossuary.

You collected 244 gold pieces.

Inventory:

Hand Weapons
 a - a +0 war axe (weapon)
Missiles
 d - 3 throwing nets (quivered)
 e - a javelin
 o - 3 curare-tipped darts
Armour
 c - a +0 helmet (worn)
 y - a +0 ring mail (worn)
Jewellery
 h - a ring of see invisible (left hand)
 p - a ring of positive energy (right hand)
 v - an amulet of reflection (around neck)
Scrolls
 b - 2 scrolls of vulnerability {unknown}
 i - a scroll of poison {unknown}
 j - a scroll of noise {unknown}
 l - 4 scrolls of teleportation {unknown}
 n - 4 scrolls of identify {unknown}
 s - a scroll of blinking {unknown}
 t - a scroll of immolation {unknown}
 w - a scroll of amnesia {unknown}
 B - a scroll of fear {unknown}
 C - a scroll of acquirement {unknown}
 D - a scroll of summoning {unknown}
Potions
 f - a potion of degeneration {unknown}
 g - a potion of invisibility {unknown}
 k - 2 potions of might
 m - 3 potions of curing
 q - a potion of cancellation {unknown}
 r - a potion of ambrosia {unknown}
 u - a potion of mutation {unknown}
 x - a potion of berserk rage {unknown}
 z - a potion of resistance {unknown}
 A - 2 potions of haste {unknown}


   Skills:
 - Level 4.0 Fighting
 + Level 5.4 Axes
 - Level 1.7 Throwing
 - Level 4.0 Armour
 - Level 4.0 Dodging


You had 6 spell levels left.
You didn't know any spells.
Your spell library was empty.

Dungeon Overview and Level Annotations

Branches:
Dungeon (5/15)            Ossuary (visited)
 Temple: D:4-7

Altars:
Yredelemnul

Annotations:
D:3 1 runed translucent door, Jingleheimer's ghost, amateur MiFi
D:4 Pikel


Innate Abilities, Weirdness & Mutations

You have hoof-like feet.
You are partially covered in rugged brown scales. (AC +1, +3% HP)
You may rarely emit foul miasma when damaged in melee.
A meltable shield of frost defends you. (SH +0)


Message History

You slash the orc!
You kill the orc!
You slash the kobold!
You kill the kobold!
You slash the orc wizard!
The orc wizard is severely wounded.
The orc wizard gestures wildly while chanting.
The orc wizard flickers and vanishes for a moment.
You closely miss the orc wizard.
The orc wizard is severely wounded.
The orc wizard drinks a potion.
The orc wizard seems to grow stronger.
The orc wizard gestures at you while chanting.
The puff of flame hits you.
Your condensation shield dissipates!
The orc wizard hits you but does no damage.
You hit the orc wizard. Your kick misses the orc wizard.
The orc wizard is almost dead.
The orc priest calls down the wrath of Beogh upon you.
Beogh smites you! The orc wizard misses you.
The orc priest invokes the aid of Beogh against you.
The orc wizard struggles to resist.
The orc wizard gestures at you while chanting.
The puff of flame hits you.
You slash the orc wizard!
You kill the orc wizard!
The orc priest invokes the aid of Beogh against you.
Beogh smites you!
Things that are here:
a +0 dagger; a +0 robe You closely miss the orc priest.
You kick the orc priest, but do no damage.
The orc priest calls down the wrath of Beogh upon you.
Beogh smites you!
* * * LOW HITPOINT WARNING * * *
You slash the orc priest!
The orc priest is heavily wounded.
The orc priest barely misses you.
The orc priest invokes the aid of Beogh against you.
Beogh smites you!
You die...

#....########.#
###.####.....#.#
#...##.......#.#
#.####.#.....#.# ##)#
#.......#.#
####..####.#.....#.##
##.....#.....#..###..#
##...............####.#
#.....(........o@..#..#
................##)..##
##.............. #####
#..............
#..............
#>.............
##.).........##
#...#...#...#
##.....###..#.


You could see an orc priest.

Vanquished Creatures
  Prince Ribbit (D:4)
  An ogre (D:4)
  2 elf zombies (Ossuary)
  A scorpion (D:4)
  A hound (D:4)
  2 human zombies (Ossuary)
  An orc wizard (D:4)
  2 hound zombies (Ossuary)
  3 mummies (Ossuary)
  2 adders (D:3)
  An ufetubus (D:4)
  2 adder zombies (Ossuary)
  A worm (D:2)
  A dart slug (D:2)
  9 orcs
  3 endoplasms
  3 giant cockroaches
  3 goblins (D:4)
  8 hobgoblins
  2 quokkas (D:1)
  3 ball pythons
  6 bats
  5 frilled lizards
  2 gnoll zombies (Ossuary)
  4 goblin zombies (Ossuary)
  3 hobgoblin zombies (Ossuary)
  3 jackal zombies (Ossuary)
  3 kobolds
  4 kobold zombies (Ossuary)
  2 orc zombies (Ossuary)
  4 quokka zombies (Ossuary)
  5 rats
  3 rat zombies (Ossuary)
96 creatures vanquished.

Notes
Turn   | Place    | Note
-------+----------+-------------------------------------------
     0 | D:1      | Thatpatchoflichen the Demonspawn Gladiator began the quest
                  | for the Orb.
     0 | D:1      | Reached XP level 1. HP: 16/16 MP: 1/1
   538 | D:1      | Gained mutation: A meltable shield of frost defends you.
                  | (SH +0) [demonic ancestry]
   538 | D:1      | Reached XP level 2. HP: 22/22 MP: 2/2
   857 | D:1      | Found a faded altar of an unknown god.
  1076 | D:1      | Reached skill level 3 in Axes
  2155 | D:2      | Gained mutation: You are partially covered in rugged brown
                  | scales. (AC +1, +3% HP) [demonic ancestry]
  2155 | D:2      | Reached XP level 3. HP: 23/28 MP: 3/3
  2642 | D:3      | Found a runed translucent door.
  2645 | D:3      | Noticed Jingleheimer's ghost (amateur MiFi)
  3596 | D:4      | Found a basalt altar of Yredelemnul.
  3730 | D:4      | Found a sand-covered staircase.
  3734 | Ossuary  | Entered an ossuary
  3895 | Ossuary  | Gained mutation: You have large cloven feet. [demonic
                  | ancestry]
  3895 | Ossuary  | Reached XP level 4. HP: 32/36 MP: 4/4
  3949 | Ossuary  | Reached skill level 1 in Armour
  3961 | Ossuary  | Reached XP level 5. HP: 19/43 MP: 5/5
  4345 | Ossuary  | Gained mutation: You have hoof-like feet. [demonic
                  | ancestry]
  4345 | Ossuary  | Reached XP level 6. HP: 49/49 MP: 6/6
  4515 | Ossuary  | Reached skill level 4 in Axes
  4668 | D:5      | Entered Level 5 of the Dungeon
  4860 | D:4      | Noticed Pikel
  4887 | D:5      | Noticed Prince Ribbit
  4996 | D:4      | Gained mutation: You may rarely emit foul miasma when
                  | damaged in melee. [demonic ancestry]
  4996 | D:4      | Reached XP level 7. HP: 17/55 MP: 7/7
  5013 | D:4      | Killed Prince Ribbit
  5014 | D:4      | Reached skill level 5 in Axes
  5323 | D:4      | Killed from afar by an orc priest

Illustrated notes

Levels and vault maps discovered:
D:1:      nzn_arrival_depleted_hourglass, layout_basic,
          dreamdust_ecumenical_altar_angels_and_demons
D:2:      layout_basic
D:3:      layout_loops_ring, ebering_ghost_reflecting_pool
D:4:      layout_rooms, lemuel_round_altar, serial_co_window_serial,
          co_window_corner_a, co_window_paths_a, co_window_corner_a,
          co_window_paths_a, co_window_paths_a, co_window_of_opportunity_c,
          co_window_broadway_b, co_window_corner_b, co_window_2corner,
          co_window_corner_ca, enter_ossuary_5, minivault_25, minmay_circle_x,
          uniq_pikel
D:5:      layout_rooms, mainiacjoe_overflow_small_starburst,
          minmay_manual_mares, uniq_prince_ribbit1

Skill      XL: |  1  2  3  4  5  6  7 |
---------------+----------------------+-----
Dodging        | 3 4 |  4.0
Axes           | 3 4 5 |  5.4
Fighting       | 3 4 |  4.0
Armour         | 1 3 4 |  4.0
Throwing       | |  1.7

Action                   |  1- 3 |  4- 6 |  7- 9 || total
-------------------------+-------+-------+-------++-------
Melee: War axe           |   127 |   156 |    21 ||   304
       Kick              |       |    48 |     7 ||    55
       Punch             |       |     3 |     1 ||     4
  Use: Potion            |       |     1 |       ||     1
Armor: Leather armour    |    35 |       |       ||    35
       Ring mail         |    12 |    40 |     5 ||    57
Dodge: Dodged            |    82 |    75 |    10 ||   167
Block: Other             |    29 |    71 |     4 ||   104
